 Dungeon Crawl Stone Soup version 0.29-a0-477-g62b78b4225 (webtiles) character file.

Game seed: 13043384331311504985

133 roflturtle the Magician (level 5, -2/28 HPs)
             Began as a Tengu Fire Elementalist on May 24, 2022.
             Slain by a phantom (7 damage)
             ... on level 3 of the Dungeon.
             The game lasted 00:10:09 (3593 turns).

roflturtle the Magician (Tengu Fire Elementalist)   Turns: 3593, Time: 00:10:10

Health: -2/28      AC:  3    Str:  9    XL:     5   Next: 16%
Magic:  2/12       EV: 14    Int: 17    God:
Gold:   191        SH:  0    Dex: 14    Spells: 2/12 levels left

rFire   . . .      SeeInvis .   g - +0 dagger (venom)
rCold   . . .      Faith    .   (no shield)
rNeg    . . .      Spirit   .   a - +0 robe
rPois   .          Reflect  .   (helmet restricted)
rElec   .          Harm     .   i - +0 cloak
rCorr   .          Rampage  .   (no gloves)
Will    .....                   (boots unavailable)
Stlth   ++........              (no amulet)
HPRegen 0.09/turn               (no ring)
MPRegen 0.13/turn               (no ring)

@: flying quickly and evasively, very slightly contaminated, quick
A: beak, talons 3, nimble flight
a: no special abilities


You were on level 3 of the Dungeon.
You visited 1 branch of the dungeon, and saw 4 of its levels.

You collected 191 gold pieces.

Inventory:

Hand Weapons
 g - a +0 dagger of venom (weapon)
Armour
 a - a +0 robe (worn)
 i - a +0 cloak (worn)
 m - a +2 chain mail of cold resistance
Scrolls
 c - a scroll of magic mapping {unknown}
 d - a scroll of blinking {unknown}
 f - a scroll of fear {unknown}
 h - a scroll of poison {unknown}
 j - a scroll of identify {unknown}
 n - a scroll of amnesia {unknown}
Potions
 b - a potion of magic
 e - 2 potions of lignification {unknown}
 k - 5 potions of curing {unknown}
 l - 2 potions of degeneration {unknown}
 o - a potion of haste {unknown}


   Skills:
 - Level 2.1 Dodging
 - Level 2.0 Stealth
 - Level 4.3 Spellcasting
 - Level 3.0 Conjurations
 + Level 3.4 Fire Magic


You had 2 spell levels left.
You knew the following spells:

 Your Spells              Type           Power      Damage    Failure   Level
a - Foxfire               Conj/Fire      56%        2x1d6     4%          1
b - Scorch                Fire           30%        2d7       5%          2
c - Inner Flame           Hex/Fire       9%         N/A       22%         3
d - Flame Wave            Conj/Fire      14%        2d6       38%         4

Your spell library contained the following spells:

 Spells                   Type           Power      Damage    Failure   Level
 Conjure Flame            Conj/Fire      14%        6-21      12%         3
 Alistair's Intoxication  Tmut/Pois      2%         N/A       99%         5
 Borgnjor's Vile Clutch   Necr/Erth      1%         N/A       99%         5
 Eringya's Noxious Bog    Tmut/Pois      1%         N/A       100%        6


Dungeon Overview and Level Annotations

Branches:
Dungeon (4/15)
 Temple: D:4-7

Altars:
Gozag
Xom


Innate Abilities, Weirdness & Mutations

You have a beak for a mouth.
You have claws for feet.
Your magical nature lets you fly swiftly and evasively.


Message History

You conjure some foxfire!
The phantom misses you. The orc priest barely misses you.
The orc hits you but does no damage.
The orc hits your foxfire with a +0 hand axe. x2
Casting: Foxfire (safe; 4% risk of failure)
Confirm with . or Enter, or press ? or * to list all spells.
Flames lash the orc priest.
The orc priest is moderately wounded.
The orc priest's fire resistance burns away.
The foxfire hits the phantom but does no damage.
The foxfire hits the orc.
The orc is severely wounded.
The orc completely misses you. The orc priest hits you with a +0 club.
The phantom hits you.
You miscast Foxfire.
You are very lightly contaminated with residual magic.
Nothing appears to happen.
The phantom barely misses you. The orc priest closely misses you.
The orc barely misses you.
You conjure some foxfire!
The phantom misses you. The orc priest hits you with a +0 club.
The orc barely misses you. The orc barely misses your foxfire.
The orc hits your foxfire with a +0 hand axe.
You hit the orc priest but do no damage.
The orc priest is poisoned.
Your kick misses the orc priest.
The orc priest is moderately wounded.
The orc priest is no longer more vulnerable to fire.
The foxfire hits the orc.
You kill the orc!
The foxfire hits the phantom.
The phantom is lightly damaged.
The orc priest mumbles some strange prayers to Beogh against you.
Beogh smites you!
* * * LOW HITPOINT WARNING * * *
The phantom barely misses you.
Casting: Foxfire (safe; 4% risk of failure)
Confirm with . or Enter, or press ? or * to list all spells.
Flames lash the phantom.
The phantom is severely damaged.
The phantom's fire resistance burns away.
The phantom hits you!
You die...

# #.# #...# ##.#.#. #.# #...#
#....#. #.# #...##########..###.
###.#######...##....†..#......
####.....#...........####.#......
.......................##.#..#...
#.##.#.#)#...........#...........
#.##...#.#####.Wo##.#####....##..
#........# #..@##.#####..#..#..
####..########..)##..............
####........#.....###########..#.
..÷....####.#.#.#.# #.).###
#####..####.#.#.#.# #.#..#.
#..#........#.# ##### #.#.... #
##....##.#.###.###...# #.#....
####...........≈........# #.####.
#≈≈###≈..≈.≈...≈≈.#.#.(.# #......


You could see a phantom (combustible) and an orc priest (very poisoned).

Vanquished Creatures
  An orc wizard (D:2)
  2 adders (D:3)
  2 dart slugs
  7 orcs
  7 ball pythons
  6 bats
  5 endoplasms
  2 giant cockroaches
  8 goblins
  5 hobgoblins
  3 jackals (D:3)
  7 quokkas
  3 frilled lizards
  9 kobolds
  7 rats
74 creatures vanquished.

Vanquished Creatures (others)
  226 foxfires
226 creatures vanquished.

Grand Total: 300 creatures vanquished

Notes
Turn   | Place    | Note
-------+----------+-------------------------------------------
     0 | D:1      | roflturtle the Tengu Fire Elementalist began the quest for
                  | the Orb.
     0 | D:1      | Reached XP level 1. HP: 10/10 MP: 4/4
   261 | D:1      | Reached XP level 2. HP: 11/15 MP: 3/6
  1114 | D:1      | Reached XP level 3. HP: 19/19 MP: 0/7
  1711 | D:2      | Reached skill level 3 in Spellcasting
  1962 | D:2      | Found a shimmering altar of Xom.
  2097 | D:2      | Reached XP level 4. HP: 11/24 MP: 0/10
  2104 | D:2      | Learned a level 2 spell: Scorch
  2108 | D:2      | Learned a level 3 spell: Inner Flame
  2113 | D:2      | Learned a level 4 spell: Flame Wave
  2299 | D:2      | Found a faded altar of an unknown god.
  2677 | D:3      | Reached skill level 4 in Spellcasting
  2931 | D:3      | Gained mutation: Your magical nature lets you fly swiftly
                  | and evasively. [Tengu growth]
  2931 | D:3      | Reached XP level 5. HP: 28/28 MP: 8/12
  2977 | D:3      | Found an opulent altar of Gozag.
  3576 | D:4      | Noticed a phantom
  3585 | D:4      | Noticed an ogre
  3585 | D:4      | Noticed an ice beast
  3593 | D:3      | Slain by a phantom

Illustrated notes

Levels and vault maps discovered:
D:1:      psy_arrival_dodecagon, layout_basic, minmay_tree_intersection
D:2:      layout_basic, hellmonk_ecumenical_altar_leap_of_faith, basic_altar,
          minivault_26
D:3:      layout_loops_cross, nicolae_gozag_cash_rules_everything_around_me,
          chequers_serial_rivers_small_3
D:4:      layout_rooms, tso_oasis_becter

Skill      XL: |  1  2  3  4 |
---------------+-------------+-----
Conjurations   | 2 3 |  3.0
Spellcasting   | 3 4 |  4.3
Dodging        | |  2.1
Stealth        | |  2.0
Fire Magic     | |  3.4

Action                   |  1- 3 |  4- 6 || total
-------------------------+-------+-------++-------
Melee: Dagger            |    18 |    14 ||    32
       Peck              |     5 |     2 ||     7
       Short sword       |    15 |       ||    15
       Kick              |     5 |     1 ||     6
       Punch             |     1 |       ||     1
 Cast: Foxfire           |    81 |    63 ||   144
       Scorch            |       |     2 ||     2
 Stab: Sleeping          |     2 |       ||     2
Armor: Robe              |     6 |     3 ||     9
Dodge: Dodged            |    21 |    32 ||    53

Table legend: (Time is in decaauts)
 A = Elapsed time spent in this place.
 B = Non-inter-level travel time spent in this place.
 C = Inter-level travel time spent in this place.
 D = Time resting spent in this place.
 E = Time spent auto-exploring this place.
 F = Levels seen in this place.
 G = Mean time per level.
                   A        B        C        D        E       F      G
               +--------+--------+--------+--------+--------+-----+--------+
         Total |   3547 |   3466 |     81 |      0 |   3005 |   4 |  886.8 |
       Dungeon |   3547 |   3466 |     81 |      0 |   3005 |   4 |  886.8 |
               +--------+--------+--------+--------+--------+-----+--------+

Top non-repeatable levels by time:
     D:1: 1684 daAuts
     D:3: 1044 daAuts
     D:2: 809 daAuts
     D:4: 9 daAuts
